Map: [ESL] Oceanborn

Players

herO - Winner!

  • Race: Protoss Protoss
  • Spawn Location: 5:00

Cyan

  • Race: Protoss Protoss
  • Spawn Location: 11:00

Event: IEM Katowice 2024

VOD

Have the link to the VOD?

Description

Time

  • Played on: Feb. 8, 2024, 2:15 p.m.
  • Length: 12:59

All games in this series

Show
View Real Time Build Order
Export as new Build Order

herO Protoss - Winner!

Build Orders: Oracle Opening 

Get SALT Encoding   

  12  0:00  Probe  
  13  0:12  Probe  
  14  0:16  Pylon  
  14  0:24  Probe (Chrono Boost)  
  16  0:36  Probe (Chrono Boost), Gateway  
  16  0:43  Probe (Chrono Boost)  
  16  0:46  Assimilator  
  17  0:50  Probe  
  18  0:58  Assimilator  
  18  1:03  Probe (Chrono Boost)  
  19  1:07  Gateway  
  20  1:12  Probe (Chrono Boost)  
  20  1:17  Probe (Chrono Boost)  
  20  1:23  Cybernetics Core  
  21  1:29  Probe  
  22  1:35  Pylon  
  22  1:41  Probe  
  23  1:53  Probe  
  24  1:59  Adept  
  24  2:00  Stalker, Warp Gate  
  28  2:07  Pylon  
  28  2:17  Stargate  
  28  2:29  Stalker  
  29  2:52  Nexus  
  29  3:00  Pylon  
  29  3:03  Oracle (Chrono Boost)  
  28  3:09  Probe  
  32  3:17  Shield Battery  
  32  3:21  Probe  
  33  3:32  Oracle (Chrono Boost)  
  33  3:33  Probe  
  35  3:37  Pylon  
  35  3:45  Probe  
  36  3:49  Adept  
  38  3:55  Adept  
  38  3:57  Probe  
  41  4:06  Twilight Council  
  41  4:07  Probe  
  41  4:09  Probe  
  43  4:19  Stalker  
  45  4:25  Probe  
  45  4:26  Probe  
  46  4:38  Probe x2  
  48  4:42  Blink (Chrono Boost)  
  46  4:50  Probe x2 (Chrono Boost)  
  46  4:53  Stalker  
  46  4:55  Stalker  
  50  5:02  Probe x2 (Chrono Boost)  
  50  5:05  Pylon  
  52  5:11  Probe x2 (Chrono Boost)  
  54  5:22  Pylon  
  54  5:23  Probe x2  
  54  5:26  Stalker  
  54  5:27  Stalker  
  60  5:39  Gateway  
  60  5:41  Gateway  
  60  5:49  Nexus  
  60  5:51  Sentry  
  60  5:56  Stalker  
  60  5:57  Probe  
  65  5:58  Probe  
  65  6:01  Assimilator  
  65  6:02  Phoenix  
  66  6:08  Pylon  
  66  6:09  Probe  
  66  6:10  Probe  
  68  6:12  Pylon  
  68  6:15  Shield Battery  
  68  6:20  Forge  
  68  6:22  Probe x2 (Chrono Boost)  
  68  6:25  Shield Battery  
  64  6:34  Probe (Chrono Boost)  
  64  6:35  Probe (Chrono Boost), Charge  
  66  6:43  Protoss Ground Weapons Level 1 (Chrono Boost), Probe (Chrono Boost)  
  66  6:44  Probe (Chrono Boost)  
  68  6:48  Probe (Chrono Boost)  
  68  6:49  Stalker x2, Probe  
  74  7:00  Probe  
  74  7:01  Probe  
  76  7:04  Stalker x2  
  76  7:05  Probe (Chrono Boost)  
  81  7:12  Robotics Facility  
  83  7:18  Probe (Chrono Boost)  
  83  7:19  Probe (Chrono Boost)  
  83  7:22  Probe (Chrono Boost)  
  84  7:26  Probe x3 (Chrono Boost)  
  87  7:31  Stalker x3  
  87  7:34  Pylon  
  91  7:37  Pylon  
  91  7:44  Probe  
  91  7:46  Nexus  
  91  7:50  Probe x2  
  94  8:02  Stalker x4  
  99  8:10  Observer (Chrono Boost)  
  100  8:13  Shield Battery  
  100  8:15  Photon Cannon  
  100  8:19  Gateway  
  100  8:22  Immortal (Chrono Boost)  
  100  8:24  Probe  
  100  8:25  Probe, Gateway  
  106  8:31  Stalker x2  
  106  8:32  Stalker  
  112  8:36  Assimilator  
  112  8:37  Probe x3  
  115  8:43  Stalker  
  117  8:48  Protoss Ground Weapons Level 2 (Chrono Boost)  
  117  8:49  Gateway  
  117  8:51  Gateway  
  117  8:54  Pylon  
  117  9:02  Immortal (Chrono Boost)  
  121  9:05  Probe  
  121  9:06  Probe x2  
  122  9:16  Zealot  
  122  9:17  Zealot x3  
  128  9:23  Templar Archives  
  128  9:25  Probe x4  
  132  9:34  Zealot, Observer (Chrono Boost)  
  132  9:35  Gateway  
  132  9:37  Pylon, Probe x4  
  139  9:38  Observer  
  137  9:49  Pylon  
  137  9:51  Nexus, Pylon  
  137  9:52  Pylon  
  135  9:55  Observer  
  135  9:58  Pylon  
  136  10:00  Pylon  
  136  10:04  High Templar x2  
  136  10:06  Photon Cannon  
  138  10:11  Archon  
  134  10:15  Zealot x4  
  134  10:18  Probe x4  
  134  10:19  Gateway x2  
  146  10:25  Photon Cannon  
  146  10:26  Photon Cannon  
  146  10:27  Immortal (Chrono Boost)  
  146  10:28  Shield Battery  
  150  10:40  Stalker  
  150  10:41  Stalker x4  
  158  10:44  Zealot x2  
  158  10:50  Robotics Bay  
  158  10:56  Warp Prism (Chrono Boost)  
  148  11:10  Probe x5  
  148  11:11  Robotics Facility  
  153  11:12  Photon Cannon  
  153  11:14  Zealot x7  
  167  11:22  Zealot x3  
  167  11:24  Zealot  
  174  11:36  Zealot x4, Shield Battery  
  174  11:40  Zealot  
  174  11:41  Zealot x2  
  174  11:46  Observer (Chrono Boost)  
  171  11:56  Disruptor (Chrono Boost)  
  173  12:03  Disruptor (Chrono Boost)  
  173  12:06  Zealot  
  173  12:07  Zealot x4  
  175  12:09  Pylon  
  175  12:12  Pylon  
  175  12:13  Pylon  
  175  12:15  Pylon x2  
  175  12:21  Pylon  
  175  12:29  Pylon  
  179  12:30  Pylon  
  179  12:35  Zealot x3  
  179  12:36  Zealot x8  
  199  12:42  Nexus  
  177  12:54  Photon Cannon  
Show
View Real Time Build Order
Export as new Build Order

Cyan Protoss 

Build Orders: Oracle Opening 

Get SALT Encoding   

  12  0:00  Probe  
  13  0:12  Probe  
  14  0:17  Pylon  
  14  0:24  Probe (Chrono Boost)  
  15  0:36  Probe (Chrono Boost)  
  15  0:37  Gateway  
  16  0:44  Probe (Chrono Boost)  
  16  0:45  Assimilator  
  17  0:51  Probe  
  17  0:54  Assimilator  
  18  1:03  Probe (Chrono Boost)  
  19  1:10  Gateway  
  19  1:12  Probe (Chrono Boost)  
  19  1:17  Probe (Chrono Boost)  
  20  1:24  Cybernetics Core  
  21  1:29  Probe  
  21  1:32  Pylon  
  22  1:41  Probe  
  23  1:53  Probe  
  24  2:01  Adept x2  
  26  2:03  Warp Gate  
  28  2:08  Shield Battery  
  28  2:12  Pylon  
  28  2:13  Probe  
  29  2:25  Pylon  
  29  2:31  Adept  
  29  2:34  Stargate  
  29  2:36  Adept  
  33  2:59  Shield Battery  
  33  3:11  Nexus  
  33  3:15  Oracle (Chrono Boost)  
  33  3:18  Shield Battery  
  36  3:20  Pylon  
  36  3:35  Probe  
  37  3:45  Oracle  
  40  3:51  Stalker  
  40  3:52  Stalker  
  44  3:59  Probe  
  44  4:03  Twilight Council  
  44  4:11  Probe  
  45  4:23  Stalker  
  45  4:24  Stalker  
  45  4:31  Probe  
  46  4:35  Probe  
  47  4:39  Blink (Chrono Boost)  
  47  4:43  Probe  
  44  4:49  Probe (Chrono Boost)  
  45  4:55  Probe (Chrono Boost)  
  47  5:00  Stalker  
  47  5:04  Probe (Chrono Boost)  
  47  5:05  Probe (Chrono Boost)  
  50  5:08  Stalker  
  50  5:09  Probe (Chrono Boost)  
  50  5:11  Probe  
  54  5:21  Probe  
  54  5:23  Probe  
  56  5:28  Gateway  
  56  5:29  Stalker  
  56  5:30  Gateway  
  56  5:33  Probe  
  56  5:34  Pylon  
  59  5:36  Probe  
  59  5:39  Stalker  
  62  5:48  Pylon  
  62  5:52  Probe  
  63  5:58  Nexus  
  63  6:03  Probe  
  64  6:06  Pylon, Stalker  
  64  6:09  Stalker  
  68  6:17  Pylon, Probe  
  69  6:19  Assimilator  
  69  6:22  Forge  
  69  6:23  Probe  
  67  6:34  Probe  
  67  6:36  Probe, Shield Battery  
  67  6:37  Pylon  
  67  6:39  Adept x2  
  73  6:44  Stalker  
  75  6:47  Stalker  
  75  6:48  Probe  
  75  6:50  Protoss Ground Weapons Level 1 (Chrono Boost)  
  75  6:52  Probe  
  79  7:00  Probe  
  80  7:02  Pylon  
  80  7:04  Stalker  
  80  7:05  Stalker  
  80  7:07  Probe (Chrono Boost)  
  85  7:11  Probe (Chrono Boost)  
  85  7:13  Stalker  
  89  7:19  Probe (Chrono Boost)  
  89  7:20  Stalker  
  89  7:21  Probe (Chrono Boost)  
  92  7:24  Probe (Chrono Boost)  
  92  7:27  Probe (Chrono Boost)  
  92  7:28  Robotics Facility, Probe (Chrono Boost)  
  95  7:33  Stalker x2  
  95  7:34  Probe  
  96  7:42  Assimilator  
  96  7:46  Stalker x2, Photon Cannon  
  96  7:48  Probe  
  101  7:55  Gateway  
  101  7:58  Gateway  
  101  8:06  Nexus  
  101  8:10  Pylon  
  101  8:12  Photon Cannon  
  101  8:15  Photon Cannon  
  101  8:16  Observer, Charge (Chrono Boost)  
  102  8:30  Adept  
  102  8:31  Adept, Protoss Ground Weapons Level 2 (Chrono Boost)  
  102  8:33  Stalker x2  
  110  8:42  Observer  
  110  8:43  Probe, Photon Cannon  
  110  8:46  Shield Battery  
  112  8:52  Gateway  
  112  8:53  Gateway  
  112  8:55  Forge  
  112  8:57  Probe  
  113  9:06  Stalker x3  
  113  9:07  Stalker  
  119  9:13  Observer  
  118  9:18  Probe  
  118  9:19  Probe  
  118  9:20  Pylon, Probe  
  118  9:22  Probe  
  122  9:26  Gateway  
  122  9:27  Gateway  
  122  9:30  Probe  
  123  9:36  Stalker x4  
  131  9:38  Probe  
  126  9:47  Warp Prism  
  124  9:53  Zealot x4  
  124  9:54  Probe  
  135  10:02  Protoss Ground Armor Level 1 (Chrono Boost)  
  135  10:04  Zealot x4  
  135  10:05  Dark Shrine  
  142  10:20  Stalker x2  
  142  10:21  Stalker x2  
  150  10:23  Observer  
  151  10:32  Probe x2  
  151  10:33  Assimilator  
  151  10:41  Stalker x6  
  134  11:07  Stalker  
  134  11:08  Stalker  
  134  11:09  Zealot x4  
  134  11:10  Zealot x4  
  147  11:21  Probe x2  
  147  11:24  Assimilator  
  147  11:33  Stalker x5  
  147  11:36  Pylon  
  147  11:38  Pylon  
  145  11:40  Pylon  
  129  11:50  Zealot x5  
  137  11:59  Stalker x3  
  137  12:00  Stalker x2  
  132  12:06  Zealot  
  114  12:14  Stalker x4  
  106  12:16  Stalker  
  102  12:23  Zealot x5  
  111  12:40  Zealot x5  
  111  12:49  Stalker x4  

Tags
 
Add a new tag
Caveats
  • Supply blocks, unpowered buildings, or Contaminate may cause inaccurate times.
  • Supply counts are checked every 10 seconds.